Map: 아이스 앤 크롬 - 래더

Players

DPGCure (Cure) - Winner!

  • Race: Terran Terran
  • League: Grandmaster
  • Spawn Location: 7:00

Stats

  • Race: Protoss Protoss
  • League: Grandmaster
  • Spawn Location: 1:00

VOD

Have the link to the VOD?

Description

Time

  • Played on: Sept. 1, 2020, 7:37 a.m.
  • Length: 11:53
Show
View Real Time Build Order
Export as new Build Order

DPGCure Terran - Winner!

Build Orders: Reaper Expand 

Get SALT Encoding   

  12  0:00  SCV  
  13  0:12  SCV  
  14  0:17  Supply Depot  
  14  0:24  SCV  
  15  0:38  SCV  
  15  0:40  Barracks  
  15  0:42  Refinery  
  16  0:50  SCV  
  17  1:03  SCV  
  18  1:15  SCV  
  19  1:26  Reaper  
  19  1:27  Orbital Command  
  20  1:47  Command Center  
  20  1:51  Supply Depot  
  20  1:52  SCV  
  21  1:58  Marine  
  22  2:04  SCV  
  22  2:07  Factory  
  23  2:17  SCV  
  23  2:18  Bunker  
  23  2:20  Barracks Reactor  
  24  2:27  Refinery  
  24  2:29  SCV  
  25  2:41  SCV  
  26  2:52  Hellion  
  26  2:54  SCV  
  26  2:56  Marine x2  
  26  2:57  Starport  
  31  2:59  Orbital Command  
  31  3:06  SCV  
  32  3:15  Widow Mine  
  32  3:16  Marine x2  
  32  3:18  SCV  
  37  3:25  SCV  
  38  3:30  SCV  
  38  3:31  Supply Depot  
  38  3:33  Starport Tech Lab  
  39  3:37  SCV, Factory Tech Lab  
  40  3:42  SCV, Marine x2  
  40  3:47  Barracks  
  43  3:50  SCV  
  43  3:52  Raven  
  43  3:54  SCV  
  47  3:58  Barracks  
  47  4:02  Supply Depot, SCV  
  48  4:06  SCV  
  48  4:08  Siege Tank  
  52  4:12  Supply Depot  
  52  4:14  SCV  
  53  4:18  SCV  
  53  4:23  Marine x2  
  56  4:27  Supply Depot, SCV  
  56  4:30  SCV  
  58  4:32  Engineering Bay  
  58  4:39  SCV  
  58  4:41  Marine x2  
  58  4:42  SCV  
  62  4:46  Barracks Tech Lab  
  62  4:48  Refinery  
  62  4:49  Siege Tank  
  62  4:50  Marine  
  66  4:53  SCV  
  66  4:55  Supply Depot, SCV  
  68  5:00  Terran Infantry Weapons Level 1, Missile Turret  
  68  5:02  Marine x2  
  68  5:05  SCV  
  72  5:07  SCV  
  72  5:08  Marine  
  72  5:10  Marine, Refinery  
  72  5:13  Stimpack  
  73  5:17  Supply Depot  
  73  5:18  SCV  
  73  5:19  SCV  
  73  5:20  Starport Reactor  
  75  5:23  Marine x2  
  75  5:26  Marine  
  75  5:28  Marine  
  79  5:32  Supply Depot  
  79  5:35  Command Center  
  79  5:38  SCV x2  
  79  5:41  Siege Tank  
  84  5:49  Combat Shield, Marine x4  
  88  5:54  Missile Turret  
  88  5:58  SCV x2, Medivac  
  92  6:06  Medivac  
  94  6:11  SCV  
  94  6:12  SCV, Barracks  
  94  6:13  Barracks  
  94  6:14  Supply Depot  
  96  6:19  Supply Depot  
  96  6:23  SCV  
  96  6:24  SCV  
  98  6:28  Medivac  
  98  6:30  Marauder  
  102  6:35  Marine x2  
  102  6:36  Medivac, Marauder  
  102  6:37  SCV  
  102  6:38  SCV  
  110  6:44  Siege Tank, Supply Depot  
  113  6:47  Supply Depot  
  113  6:50  SCV x2  
  115  6:54  Marine x2, Marauder  
  115  6:57  Marauder  
  115  7:00  Terran Infantry Armor Level 1  
  121  7:02  SCV x2  
  121  7:04  Refinery  
  121  7:05  Barracks Tech Lab  
  121  7:06  Barracks Reactor, Concussive Shells  
  123  7:10  Orbital Command  
  123  7:12  Refinery  
  123  7:14  SCV x2  
  123  7:15  Viking  
  127  7:19  Viking  
  129  7:26  SCV x2  
  131  7:30  Supply Depot  
  131  7:31  Marauder x2  
  131  7:32  Marine x2, Marauder  
  139  7:39  SCV x3  
  139  7:40  Siege Tank, Supply Depot  
  139  7:42  Marine x2  
  147  7:47  Supply Depot  
  147  7:48  Supply Depot  
  147  7:50  Viking  
  149  7:52  Viking  
  149  7:55  Supply Depot  
  151  8:00  Marauder x3  
  157  8:06  Engineering Bay, Armory  
  157  8:07  Marine x3  
  157  8:09  Marine  
  159  8:12  Siege Tank  
  162  8:21  Viking  
  162  8:22  Supply Depot  
  162  8:24  Viking  
  162  8:26  Marauder  
  162  8:27  Marauder x2  
  170  8:28  Marine x2  
  170  8:29  Marine  
  170  8:30  Marine  
  176  8:45  Siege Tank  
  170  8:51  SCV  
  170  8:52  SCV x2  
  167  9:01  Marine x4, Marauder x3  
  177  9:06  Terran Infantry Armor Level 2, Terran Infantry Weapons Level 2  
  177  9:07  Viking  
  179  9:10  Command Center  
  179  9:17  Viking  
  181  9:23  Marauder  
  181  9:24  Marauder x2  
  187  9:30  Factory Tech Lab, Marine x4  
  189  9:32  Terran Vehicle Weapons Level 1  
  186  9:49  Marine x4, Marauder x3  
  179  10:07  Marine x4  
  179  10:10  Marauder x3  
  179  10:13  Orbital Command  
  171  10:25  Marine x4  
  171  10:29  Siege Tank  
  171  10:32  Marauder x3  
  174  10:46  Marine x4  
  178  10:53  Marauder x3  
  162  11:00  Viking  
  144  11:07  Marine x4  
  143  11:14  Marauder x2  
  143  11:15  Marauder  
  143  11:25  SCV x3, Marine x4  
  141  11:37  SCV x3  
  146  11:44  Barracks x2  
  146  11:46  Barracks  
Show
View Real Time Build Order
Export as new Build Order

Stats Protoss 

Build Orders: 1 Gate Expand, Blink Stalkers, Colossus Rush 

Get SALT Encoding   

  12  0:00  Probe  
  13  0:12  Probe  
  14  0:17  Pylon  
  14  0:24  Probe (Chrono Boost)  
  15  0:36  Probe (Chrono Boost)  
  15  0:37  Gateway  
  16  0:44  Probe (Chrono Boost)  
  16  0:46  Assimilator  
  17  0:50  Probe  
  18  1:03  Probe  
  19  1:15  Probe  
  20  1:25  Cybernetics Core  
  20  1:34  Probe  
  20  1:35  Nexus  
  21  1:42  Pylon  
  21  1:48  Probe  
  21  1:49  Assimilator  
  22  1:59  Adept (Chrono Boost)  
  22  2:00  Probe  
  23  2:06  Shield Battery  
  23  2:08  Warp Gate  
  25  2:13  Probe  
  26  2:21  Stalker (Chrono Boost)  
  28  2:31  Twilight Council  
  28  2:34  Probe  
  29  2:48  Probe (Chrono Boost)  
  31  2:52  Robotics Facility  
  31  2:53  Probe (Chrono Boost)  
  31  2:56  Probe (Chrono Boost)  
  32  3:00  Probe (Chrono Boost)  
  32  3:02  Probe  
  34  3:11  Probe  
  35  3:14  Probe  
  35  3:16  Gateway  
  35  3:17  Blink  
  36  3:23  Probe  
  36  3:26  Probe  
  38  3:34  Pylon  
  38  3:35  Probe  
  38  3:38  Probe  
  38  3:40  Observer (Chrono Boost)  
  41  3:42  Gateway  
  41  3:45  Assimilator  
  41  3:47  Assimilator, Probe  
  42  3:50  Probe  
  43  3:56  Stalker  
  43  3:59  Probe  
  46  4:02  Probe  
  46  4:04  Pylon  
  46  4:08  Robotics Bay  
  47  4:12  Probe  
  47  4:15  Probe  
  49  4:18  Pylon  
  49  4:20  Stalker  
  49  4:21  Stalker  
  53  4:29  Probe x2  
  53  4:30  Observer  
  56  4:34  Pylon  
  56  4:43  Probe x2  
  58  4:56  Colossus (Chrono Boost)  
  64  5:00  Nexus  
  64  5:03  Extended Thermal Lance  
  64  5:06  Pylon  
  64  5:11  Pylon  
  64  5:12  Probe x2  
  66  5:18  Observer  
  66  5:20  Forge  
  66  5:21  Charge  
  66  5:24  Probe x2  
  68  5:36  Colossus (Chrono Boost)  
  68  5:37  Probe x2  
  76  5:46  Gateway  
  76  5:47  Gateway  
  76  5:50  Gateway  
  76  5:52  Probe x2  
  76  5:53  Protoss Ground Weapons Level 1 (Chrono Boost)  
  78  6:01  Sentry x2  
  78  6:03  Zealot  
  84  6:09  Probe x2  
  84  6:10  Shield Battery  
  86  6:12  Colossus (Chrono Boost), Probe  
  93  6:23  Probe  
  93  6:24  Probe  
  93  6:25  Probe  
  96  6:33  Pylon  
  96  6:35  Pylon  
  96  6:36  Observer  
  96  6:39  Stalker x3  
  102  6:46  Observer  
  102  6:49  Gravitic Drive (Chrono Boost), Assimilator x2  
  102  6:51  Warp Prism  
  104  7:01  Probe x2  
  104  7:02  Probe  
  107  7:09  Zealot x6  
  107  7:13  Probe  
  107  7:14  Probe x2  
  122  7:16  Pylon  
  122  7:17  Templar Archives  
  122  7:20  Gateway  
  122  7:22  Gateway  
  122  7:25  Pylon  
  122  7:28  Pylon  
  122  7:39  Zealot x5  
  122  7:43  Zealot  
  134  7:45  Protoss Ground Weapons Level 2 (Chrono Boost)  
  134  7:48  Robotics Facility  
  135  7:51  Disruptor  
  135  7:55  Probe x3  
  135  7:57  Forge  
  140  8:01  Observer  
  140  8:12  Nexus  
  140  8:15  High Templar x4, Pylon  
  148  8:20  Pylon x2  
  148  8:21  Archon  
  148  8:22  Archon  
  148  8:31  Disruptor (Chrono Boost)  
  151  8:45  Zealot x3  
  139  8:52  Disruptor (Chrono Boost)  
  139  8:53  Zealot x5  
  142  8:57  Disruptor (Chrono Boost)  
  141  9:08  Zealot x3  
  147  9:30  Zealot x6  
  147  9:31  Zealot x2  
  163  9:35  Assimilator  
  163  9:40  Assimilator  
  163  9:51  Pylon  
  163  9:53  Pylon  
  163  9:54  Pylon  
  163  9:56  Pylon  
  160  10:01  Zealot x2  
  160  10:04  Gateway  
  160  10:06  Gateway  
  164  10:09  Zealot x3  
  164  10:10  Pylon  
  164  10:12  Pylon  
  170  10:18  Stalker x2  
  127  10:36  Zealot  
  127  10:37  Zealot x3  
  128  10:43  Zealot x2  
  96  11:04  Zealot x8  
  79  11:25  Stalker x3  
  79  11:26  Stalker x2  
  79  11:27  Stalker x3  
  95  11:33  Robotics Facility  
  95  11:38  Nexus  
Tags
 
Add a new tag
Caveats
  • Supply blocks, unpowered buildings, or Contaminate may cause inaccurate times.
  • Supply counts are checked every 10 seconds.